 Dungeon Crawl Stone Soup version 0.27-a0-1116-g91b3acb402 (webtiles) character file.

Game seed: 5169716088452711000

1 kodamatunes15 the Skirmisher (level 1, 0/14 HPs)
             Began as a Gargoyle Wanderer on May 1, 2021.
             Slain by a ball python (1 damage)
             ... on level 1 of the Dungeon.
             The game lasted 00:00:53 (55 turns).

kodamatunes15 the Skirmisher (Gargoyle Wanderer)      Turns: 55, Time: 00:00:54

Health: 0/14       AC:  5    Str: 11    XL:     1   Next: 20%
Magic:  1/1        EV:  8    Int: 14    God:
Gold:   0          SH:  0    Dex: 11    Spells: 0/0 levels left

rFire    . . .     SeeInvis .   f - +0 dagger
rCold    . . .     Faith    .   (no shield)
rNeg     + . .     Spirit   .   c - +0 leather armour
rPois    ∞         Reflect  .   (no helmet)
rElec    +         Harm     .   (no cloak)
rCorr    .         Rampage  .   (no gloves)
Will     .....                  (no boots)
Stlth    ++........             (no amulet)
HPRegen  0.04/turn              (no ring)
MPRegen  0.07/turn              (no ring)

@: constricted
A: AC +2, negative energy resistance 1, electricity resistance, torment
resistance 1, unbreathing 1, petrification resistance
a: no special abilities


You were on level 1 of the Dungeon.
You visited 1 branch of the dungeon, and saw 1 of its levels.

Inventory:

Hand Weapons
 a - a +0 shortbow
 f - a +0 dagger (weapon)
Missiles
 b - 2 throwing nets (quivered)
 d - 28 arrows
Armour
 c - a +0 leather armour (worn)
Potions
 e - a potion of curing


   Skills:
 + Level 3.4 Fighting
 + Level 1.0 Bows
 + Level 2.1 Armour
 + Level 1.5 Dodging
 + Level 2.1 Stealth


You couldn't memorise any spells.
You didn't know any spells.
Your spell library was empty.

Dungeon Overview and Level Annotations

Branches:
Dungeon (1/15)

Altars:


Innate Abilities, Weirdness & Mutations

Your stone body is resilient. (AC +2)
You are immune to poison.
You resist negative energy. (rN+)
You are resistant to electric shocks. (rElec)
You are resistant to unholy torment.
You can survive without breathing.
You are immune to petrification.


Message History

You hit the hobgoblin.
The hobgoblin is heavily wounded.
A jackal comes into view.
The hobgoblin barely misses you.
The jackal barks!
You hit the hobgoblin but do no damage.
The hobgoblin hits you but does no damage.
The hobgoblin hits you.
You hit the hobgoblin but do no damage.
The hobgoblin is heavily wounded.
The hobgoblin hits you but does no damage.
A jackal comes into view.
The hobgoblin hits you but does no damage.
The jackal barks!
You hit the hobgoblin but do no damage.
The hobgoblin hits you but does no damage.
The ball python barely misses you. The ball python closely misses you.
The hobgoblin completely misses you.
You closely miss the ball python. The ball python barely misses you.
The ball python grabs you. The ball python constricts you.
The hobgoblin hits you but does no damage. x2
You hit the hobgoblin.
The hobgoblin is moderately wounded.
The ball python bites you. The ball python constricts you.
The hobgoblin hits you.
* * * LOW HITPOINT WARNING * * *
The hobgoblin barely misses you.
You hit the hobgoblin.
You kill the hobgoblin!
The ball python barely misses you. The ball python constricts you.
The hobgoblin hits you.
* * * LOW HITPOINT WARNING * * *
The ball python bites you but does no damage.
The ball python constricts you.
You hit the ball python.
The ball python is severely wounded.
The hobgoblin hits you.
* * * LOW HITPOINT WARNING * * *
The ball python barely misses you.
You die...

.. ...######... #
............. .##
........#...###... .
.....P.......#.###.
P♣.....♣P..h♣♣......
...♣.......g.P......
..♣P...♣P.h♣@...♣
..........hS.PP##
#####P...#######
#P♣.#....#P.♣
#.P##''##..#
#'##P...##'#
#..........#
#P♣...<..PP#
##PPP♣P♣♣P##


You could see 2 jackals, a hobgoblin and a ball python.

Vanquished Creatures
  A hobgoblin (D:1)
1 creature vanquished.

Notes
Turn   | Place    | Note
-------+----------+-------------------------------------------
     0 | D:1      | kodamatunes15 the Gargoyle Wanderer began the quest for the
                  | Orb.
     0 | D:1      | kodamatunes15 set off with the following items: a +0
                  | shortbow, 2 throwing nets, a +0 leather armour, 28 arrows,
                  | a potion of curing, a +0 dagger
     0 | D:1      | Reached XP level 1. HP: 14/14 MP: 1/1
    55 | D:1      | Slain by a ball python

Illustrated notes

Levels and vault maps discovered:
D:1:      denvon_arrival_planthouse, layout_basic, serial_rivers,
          chequers_serial_rivers_small_3, chequers_serial_rivers_micro_a,
          chequers_serial_rivers_small_a, chequers_serial_rivers_small_b,
          chequers_serial_rivers_room_a, chequers_serial_rivers_micro_b,
          hangedman_glass_teeth, minmay_pentomino_u4

Action                   || total
-------------------------++-------
Melee: Dagger            ||    12
Armor: Leather armour    ||     8
Dodge: Dodged            ||    10

Table legend: (Time is in decaauts)
 A = Elapsed time spent in this place.
 B = Non-inter-level travel time spent in this place.
 C = Inter-level travel time spent in this place.
 D = Time resting spent in this place.
 E = Time spent auto-exploring this place.
 F = Levels seen in this place.
 G = Mean time per level.
                   A        B        C        D        E       F      G
               +--------+--------+--------+--------+--------+-----+--------+
         Total |     54 |     26 |     28 |      0 |      0 |   1 |   54.0 |
       Dungeon |     54 |     26 |     28 |      0 |      0 |   1 |   54.0 |
               +--------+--------+--------+--------+--------+-----+--------+

Top non-repeatable levels by time:
     D:1: 54 daAuts
